 Dungeon Crawl Stone Soup version 0.28.0-43-g3370ac3207 (webtiles) character file.

Game seed: 17004288151322187076

193 pkoi the Gusty (level 5, -1/38 HPs)
             Began as a Demigod Air Elementalist on Mar 25, 2022.
             Slain by a kobold brigand
             ... wielding a +0 dagger
              (5 damage)
             ... in a sewer.
             The game lasted 00:03:28 (3660 turns).

pkoi the Gusty (Demigod Air Elementalist)           Turns: 3660, Time: 00:03:28

Health: -1/38      AC:  6    Str:  9    XL:     5   Next: 20%
Magic:  10/10      EV: 16    Int: 21    God:
Gold:   102        SH:  0    Dex: 14    Spells: 1/7 levels left

rFire   . . .      SeeInvis .   e - +3 dagger (venom)
rCold   . . .      Faith    .   (no shield)
rNeg    . . .      Spirit   .   a - +0 robe
rPois   .          Reflect  .   (no helmet)
rElec   .          Harm     .   (no cloak)
rCorr   .          Rampage  .   (no gloves)
Will    .....                   (no boots)
Stlth   ++........              (no amulet)
HPRegen 0.12/turn               f - +4 ring of protection
MPRegen 0.12/turn               i - +4 ring of evasion

@: slowed, very slow
A: high MP 1, forlorn, divine attributes
a: no special abilities


You were in a sewer.
You visited 1 branch of the dungeon, and saw 3 of its levels.
You also visited: Sewer.

You collected 102 gold pieces.

Inventory:

Hand Weapons
 c - a +0 short sword
 e - a +3 dagger of venom (weapon)
Armour
 a - a +0 robe (worn)
Jewellery
 f - a +4 ring of protection (left hand)
 i - a +4 ring of evasion (right hand)
Scrolls
 h - 2 scrolls of teleportation


   Skills:
 - Level 1.7 Dodging
 - Level 1.7 Stealth
 - Level 1.7 Spellcasting
 - Level 0.8 Conjurations
 * Level 5.7 Air Magic


You had one spell level left.
You knew the following spells:

 Your Spells              Type           Power      Damage    Failure   Level
a - Shock                 Conj/Air       60%        1d6       4%          1
b - Swiftness             Air            25%        N/A       4%          3
c - Static Discharge      Conj/Air       15%        N/A       6%          2

Your spell library contained the following spells:

 Spells                   Type           Power      Damage    Failure   Level
 Airstrike                Air            12%        N/A       14%         4


Dungeon Overview and Level Annotations

Branches:
Dungeon (3/15)              Sewer (1/1)


Innate Abilities, Weirdness & Mutations

You have an increased reservoir of magic. (+10% MP)
You shall have no god before yourself.
Your divine heritage dramatically boosts your attributes as you level up.


Message History

You are poisoned.
You have difficulty breathing.
* * * LOW HITPOINT WARNING * * *
You feel yourself slow down.
Found a scroll labelled ZUAWINTOAGI.
You close the door.
You feel very sick.
You start resting.
You feel sick. x2
A kobold brigand opens the door.
It is wielding a +0 dagger and quivering curare-tipped darts.
You feel sick.
The kobold brigand completely misses you.
The kobold brigand hits you with a +0 dagger.
* * * LOW HITPOINT WARNING * * *
There is an open door here.
You hit the kobold brigand but do no damage.
The kobold brigand is poisoned.
You feel sick.
The kobold brigand hits you with a +0 dagger.
* * * LOW HITPOINT WARNING * * *
You barely miss the kobold brigand.
The kobold brigand is lightly wounded.
You feel sick.
You are no longer poisoned.
The kobold shouts!
The kobold brigand hits you with a +0 dagger.
* * * LOW HITPOINT WARNING * * *
The kobold brigand closely misses you.
You closely miss the kobold brigand. Your punch misses the kobold brigand.
The kobold brigand is lightly wounded.
The kobold brigand hits you with a +0 dagger.
* * * LOW HITPOINT WARNING * * *
The kobold barely misses you.
Unknown command.
You aren't carrying any potions.
Okay, then.
You hit the kobold.
The kobold is moderately wounded.
The kobold brigand misses you. The kobold hits you with a +0 dagger.
* * * LOW HITPOINT WARNING * * *
The kobold brigand hits you with a +0 dagger.
You die...

≈≈≈ ≈≈≈ ###
### #?.#..#
..... ##...##
#.....# ≈
#.KK..#
≈#≈####@###
≈≈≈≈≈≈....#
≈≈≈≈≈≈....##
≈≈≈≈≈≈.....#
≈≈≈≈≈≈.....#
≈≈≈≈≈≈....##
≈≈≈≈≈≈....#
≈≈≈≈≈≈....##
≈≈≈≈≈≈....†##


You could see a kobold brigand (poisoned) and a kobold.

Vanquished Creatures
  An orc wizard (D:3)
  3 gnolls (D:2)
  7 adders
  2 river rats (D:3)
  An adder skeleton (D:2)
  4 dart slugs
  5 ball pythons
  2 bats (D:3)
  6 endoplasms
  A giant cockroach (D:1)
  2 goblins (D:1)
  2 hobgoblins
  3 kobolds
  A quokka (D:1)
  4 frilled lizards
  11 rats
55 creatures vanquished.

Notes
Turn   | Place    | Note
-------+----------+-------------------------------------------
     0 | D:1      | pkoi the Demigod Air Elementalist began the quest for the
                  | Orb.
     0 | D:1      | Reached XP level 1. HP: 14/14 MP: 5/5
   202 | D:1      | Reached skill level 3 in Air Magic
   482 | D:1      | Reached XP level 2. HP: 20/20 MP: 2/7
  1453 | D:2      | Reached skill level 4 in Air Magic
  1453 | D:2      | Reached XP level 3. HP: 26/26 MP: 2/8
  2045 | D:2      | Reached XP level 4. HP: 22/33 MP: 0/9
  2429 | D:2      | Reached skill level 5 in Air Magic
  2692 | D:2      | Learned a level 3 spell: Swiftness
  2695 | D:2      | Learned a level 2 spell: Static Discharge
  3258 | D:3      | Reached XP level 5. HP: 10/38 MP: 10/10
  3267 | D:3      | Found a glowing drain.
  3334 | Sewer    | Entered a sewer
  3660 | Sewer    | Slain by a kobold brigand

Illustrated notes

Levels and vault maps discovered:
D:1:      dpeg_arrival_long_road, layout_basic, shapermc_ecumenical_altar_gd
D:2:      layout_loops_ring
D:3:      minmay_general_purpose_star, layout_basic, portal_sewer_entry_c
Sewer:    sewer_minmay_treatment

Skill      XL: |  1  2  3  4 |
---------------+-------------+-----
Air Magic      | 3 4 5 |  5.7
Dodging        | |  1.7
Stealth        | |  1.7
Spellcasting   | |  1.7
Conjurations   | |  0.8

Action                   |  1- 3 |  4- 6 || total
-------------------------+-------+-------++-------
Melee: Unarmed           |     4 |       ||     4
       Dagger            |    14 |    32 ||    46
 Cast: Shock             |    72 |    35 ||   107
  Use: Scroll            |       |     3 ||     3
       Potion            |       |     2 ||     2
Armor: Robe              |     3 |     3 ||     6
Dodge: Dodged            |    16 |    43 ||    59
